 Dungeon Crawl Stone Soup version 0.21.1-1-g345015f (webtiles) character file.

5871 dvd the Martial Artist (level 10, -3/61 HPs)
             Began as an Octopode Transmuter on July 29, 2018.
             Was a Follower of Cheibriados.
             Slain by a yak (13 damage)
             ... on level 9 of the Dungeon.
             The game lasted 00:29:35 (10350 turns).

dvd the Martial Artist (Octopode Transmuter)       Turns: 10350, Time: 00:29:36

Health: -3/61      AC:  1    Str: 14    XL:     10   Next: 81%
Magic:  16/18      EV: 16    Int: 21    God:    Cheibriados [*.....]
Gold:   354        SH:  0    Dex: 15    Spells: 7/20 levels left

rFire    + . .     SeeInvis .   I - +4 falchion of a ziggurat {slice, +Inv rF+ rN+}
rCold    . . .     Gourm    .   (no shield)
rNeg     + + .     Faith    .   (helmet restricted)
rPois    .         Spirit   .   o - amulet of magic regeneration
rElec    .         Reflect  .   t - ring of flight
rCorr    .         Harm     .   B - ring of protection from magic
MR       +....                  F - ring of positive energy
Stlth    ++++......             (no ring)
HPRegen  0.20/turn              (no ring)
MPRegen  0.41/turn              (no ring)
                                (no ring)
                                (no ring)

@: very slightly contaminated, very slow
A: almost no armour, stealthy swim, amphibious, 8 rings, constrict 8, camouflage
1, gelatinous body 1
a: Bend Time, Renounce Religion, Evoke Invisibility, Evoke Flight


You were on level 9 of the Dungeon.
You worshipped Cheibriados.
Cheibriados was aware of your devotion.
You were not hungry.

You visited 2 branches of the dungeon, and saw 10 of its levels.

You collected 354 gold pieces.

Inventory:

Hand Weapons
 v - a +2 whip of electrocution
 y - a +0 hand axe of flaming
 D - a +1 dagger of venom
 I - the +4 falchion of a ziggurat (weapon) {slice, +Inv rF+ rN+}
   (You found it on level 8 of the Dungeon)

   It inflicts extra damage upon your enemies.
   It protects you from fire.
   It protects you from negative energy.
   It lets you turn invisible.
Missiles
 a - 102 arrows
Magical Staves
 x - an uncursed staff of cold
 J - an uncursed staff of summoning
Jewellery
 o - an amulet of magic regeneration (around mantle)
 t - a ring of flight (left tentacle)
 B - a ring of protection from magic (right tentacle)
 F - a ring of positive energy (on tentacle)
 H - an uncursed ring of fire
Wands
 d - a wand of iceblast (5)
 C - a wand of clouds (5)
Scrolls
 e - 10 scrolls of teleportation {unknown}
 g - 2 scrolls of random uselessness {unknown}
 h - 12 scrolls of identify
 k - 6 scrolls of remove curse {unknown}
 l - a scroll of noise {unknown}
 m - a scroll of magic mapping {unknown}
 n - 4 scrolls of enchant armour {unknown}
 q - 3 scrolls of enchant weapon {unknown}
 r - 2 scrolls of immolation {unknown}
 G - a scroll of vulnerability {unknown}
 K - a scroll of fog {unknown}
Potions
 f - a potion of invisibility {unknown}
 i - a potion of heal wounds
 j - 3 potions of curing
 p - 3 potions of magic {unknown}
 s - 3 potions of lignification
 u - 2 potions of flight {unknown}
 w - a potion of haste {unknown}
 z - a potion of experience {unknown}
 A - a potion of might {unknown}
 E - a potion of brilliance {unknown}
Books
 b - a book of Changes

   Spells                             Type                      Level
   a - Beastly Appendage              Transmutation                1
   b - Sticks to Snakes               Transmutation                2
   c - Spider Form                    Transmutation/Poison         3
   d - Ice Form                       Ice/Transmutation            4
   e - Blade Hands                    Transmutation                5
Comestibles
 c - 13 rations


   Skills:
 + Level 2.5 Fighting
 + Level 2.1 Long Blades
 + Level 4.7 Dodging
 + Level 6.8 Stealth
 + Level 9.6 Unarmed Combat
 + Level 5.7 Spellcasting
 * Level 8.2 Transmutations
 + Level 1.4 Ice Magic
 + Level 4.1 Poison Magic


You had 7 spell levels left.
You knew the following spells:

 Your Spells              Type           Power        Failure   Level  Hunger
a - Beastly Appendage     Tmut           #####.       1%          1    None
b - Spider Form           Tmut/Pois      ####......   2%          3    ##.....
c - Blade Hands           Tmut           #####.....   10%         5    #####..
d - Ice Form              Ice/Tmut       ####....     14%         4    ####...


Dungeon Overview and Level Annotations

Branches:
Dungeon (9/15)             Temple (1/1) D:7            Lair (0/6) D:8
    Orc: D:9-12

Altars:
Ashenzari
Cheibriados
Dithmenos
Elyvilon
Fedhas
Gozag
Hepliaklqana
Kikubaaqudgha
Makhleb
Nemelex Xobeh
Okawaru
Qazlal
Ru
Sif Muna
Trog
Uskayaw
Vehumet
Wu Jian
Xom
Yredelemnul
The Shining One

Annotations:
D:5 exclusion: phantom


Innate Abilities, Weirdness & Mutations

You cannot wear most types of armour.
You are very stealthy in the water. (Stealth+)
You are amphibious.
You can wear up to eight rings at the same time.
You can use your tentacles to constrict eight enemies at once.
Your skin changes colour to match your surroundings (Stealth+).
Your rubbery body absorbs attacks. (AC +1, EV +1)


Message History

You feel much better. The yak barely misses you.
You slash the yak! You squeeze the yak, but do no damage.
The yak is heavily wounded.
The yak gores you!
* * * LOW HITPOINT WARNING * * *
You slash the yak! You squeeze the yak, but do no damage.
The yak is severely wounded.
You hit the yak but do no damage.
The yak is severely wounded.
Your tentacles revert to their normal proportions.
The +4 falchion of a ziggurat {slice, +Inv rF+ rN+} unmelds from your body.
The yak gores you.
* * * LOW HITPOINT WARNING * * *
You feel much better. The yak gores you!!
* * * LOW HITPOINT WARNING * * *
You slash the yak!
You kill the yak!
Cheibriados thoroughly appreciates the change of pace.
You closely miss the yak. The yak gores you!
You die...

##...## #Y#
#####.....#
.........##
####.#.##
#.#.######.
.#.........
##.#.#######
###.# #@#
#Y# #.# #..
#.. #..#
...# (...


You could see a yak.

Vanquished Creatures
  The ghost of Rwicked the Basher, a novice MiBe of Trog (D:8)
  An unseen horror (D:9)
  Pikel (D:5)
  Joseph (D:7)
  A komodo dragon (D:8)
  Prince Ribbit (D:6)
  2 wyverns
  5 yaks (D:9)
  Menkaure (D:6)
  2 sky beasts
  A slave (D:4)
  An ice beast (D:8)
  3 ogres
  3 phantoms
  A centaur (D:8)
  Blork the orc (D:5)
  3 bullfrogs
  2 scorpions (D:8)
  A water moccasin skeleton (D:4)
  2 wyvern skeletons
  2 vampire bats (D:6)
  A howler monkey (D:7)
  4 crimson imps
  A centaur zombie (D:5)
  3 bullfrog zombies
  A hound (D:4)
  A jelly (D:6)
  A centaur skeleton (D:9)
  Crazy Yiuf (D:3)
  3 iguanas
  8 worker ants
  3 orc wizards
  9 adders
  3 oozes
  3 worms
  4 leopard geckos
  21 orcs
  A ball python (D:5)
  6 giant cockroaches
  4 goblins
  8 hobgoblins
  14 jackals
  4 quokkas
  20 bats
  8 frilled lizards
  2 jackal skeletons (D:4)
  10 kobolds
  A leopard gecko skeleton (D:4)
  A quokka skeleton (D:5)
  5 rats
  A fungus (D:3)
188 creatures vanquished.

Vanquished Creatures (others)
  A slave (D:8)
  A wyvern zombie (D:8)
  A statue (D:8)
  An adder skeleton (D:8)
  A frilled lizard (D:5)
  3 plants (D:8)
8 creatures vanquished.

Grand Total: 196 creatures vanquished

Notes
Turn   | Place    | Note
-------+----------+-------------------------------------------
     0 | D:1      | dvd the Octopode Transmuter began the quest for the Orb.
     0 | D:1      | Reached XP level 1. HP: 13/13 MP: 3/3
     3 | D:1      | Noticed an electric eel
     3 | D:1      | Noticed an electric eel
    23 | D:1      | Reached XP level 2. HP: 18/18 MP: 3/5
   374 | D:1      | Reached XP level 3. HP: 21/23 MP: 4/6
  1047 | D:2      | Reached skill level 1 in Stealth
  1060 | D:2      | Reached XP level 4. HP: 26/28 MP: 7/7
  2234 | D:3      | Reached skill level 4 in Unarmed Combat
  2418 | D:3      | Reached XP level 5. HP: 32/33 MP: 6/8
  2727 | D:3      | Found a runed door.
  2731 | D:3      | Noticed Crazy Yiuf
  2740 | D:3      | Killed Crazy Yiuf
  3210 | D:4      | Reached XP level 6. HP: 31/38 MP: 7/10
  3810 | D:4      | Learned a level 3 spell: Spider Form
  3933 | D:4      | Noticed a phantom
  4214 | D:5      | Entered Level 5 of the Dungeon
  4513 | D:5      | Reached skill level 5 in Unarmed Combat
  4513 | D:5      | Reached XP level 7. HP: 43/43 MP: 7/11
  4599 | D:5      | Noticed Blork the orc
  4606 | D:5      | Killed Blork the orc
  4606 | D:5      | Reached skill level 1 in Poison Magic
  4899 | D:5      | Noticed Pikel
  4914 | D:5      | Killed Pikel
  4914 | D:5      | Reached skill level 6 in Unarmed Combat
  4914 | D:5      | Reached skill level 5 in Transmutations
  4914 | D:5      | Reached XP level 8. HP: 34/48 MP: 10/13
  5172 | D:4      | Learned a level 5 spell: Blade Hands
  5534 | D:5      | Learned a level 4 spell: Ice Form
  5705 | D:5      | Found a shadowy altar of Dithmenos.
  5799 | D:5      | Found a glowing golden altar of the Shining One.
  6360 | D:6      | Found a shimmering altar of Xom.
  6528 | D:6      | Found an ancient bone altar of Kikubaaqudgha.
  6542 | D:6      | Noticed Prince Ribbit
  6754 | D:6      | Reached skill level 7 in Unarmed Combat
  6832 | D:6      | Reached XP level 9. HP: 53/53 MP: 11/15
  7185 | D:6      | Noticed Menkaure
  7196 | D:6      | Killed Menkaure
  7215 | D:6      | Killed Prince Ribbit
  7501 | D:7      | Found a sparkling altar of Nemelex Xobeh.
  7595 | D:7      | Reached skill level 8 in Unarmed Combat
  7616 | D:7      | Noticed Joseph
  7630 | D:7      | Killed Joseph
  7630 | D:7      | Reached skill level 1 in Ice Magic
  7925 | D:7      | Noticed a red ugly thing
  8006 | D:8      | Noticed Rwicked's ghost (novice MiBe)
  8117 | D:7      | Found a staircase to the Ecumenical Temple.
  8127 | Temple   | Entered the Ecumenical Temple
  8209 | Temple   | Became a worshipper of Cheibriados the Contemplative
  8721 | D:8      | Found a hide-covered altar of Uskayaw.
  8784 | D:8      | Killed Rwicked's ghost
  8784 | D:8      | Reached skill level 5 in Stealth
  8784 | D:8      | Reached skill level 5 in Spellcasting
  8784 | D:8      | Reached XP level 10. HP: 60/60 MP: 0/17
  9001 | D:8      | Found a staircase to the Lair.
  9046 | D:8      | Reached skill level 9 in Unarmed Combat
  9088 | D:8      | Reached * piety under Cheibriados
  9270 | D:8      | Found a radiant altar of Vehumet.
  9347 | D:8      | Got a brightly glowing falchion
  9348 | D:8      | Identified the +4 falchion of a ziggurat {slice, +Inv rF+ rN+} (You found it on level 8 of the Dungeon)
 10200 | D:9      | Killed an unseen horror
 10336 | D:9      | Reached skill level 1 in Long Blades
 10347 | D:9      | HP: 2/61 [yak (2)]
 10350 | D:9      | Slain by a yak

Skill      XL: |  1  2  3  4  5  6  7  8  9 10 |
---------------+-------------------------------+-----
Stealth        | 1 2 4 5 6 |  6.8
Transmutations | 3 4 5 7 8 |  8.2
Unarmed Combat | 4 5 6 7 8 9 |  9.6
Spellcasting   | 3 4 5 |  5.7
Poison Magic   | 2 3 4 |  4.1
Dodging        | 3 4 |  4.7
Fighting       | 2 |  2.5
Ice Magic      | 1 |  1.4
Long Blades    | 2 |  2.1

Action                   |  1- 3 |  4- 6 |  7- 9 | 10-12 || total
-------------------------+-------+-------+-------+-------++-------
Melee: Unarmed           |    92 |   166 |   242 |    58 ||   558
       Kick              |    14 |    32 |    10 |       ||    56
       Constrict         |    30 |    40 |    11 |     4 ||    85
       Tentacles         |    19 |    22 |     8 |     9 ||    58
       Punch             |     1 |     3 |     4 |     3 ||    11
       Falchion          |       |       |       |     6 ||     6
 Cast: Beastly Appendage |    12 |    29 |     6 |       ||    47
       Spider Form       |       |     3 |    17 |     2 ||    22
       Ice Form          |       |       |     4 |     1 ||     5
       Blade Hands       |       |       |     2 |     7 ||     9
Evoke: Wand              |       |       |       |     2 ||     2
  Use: Potion            |       |       |     3 |     3 ||     6
       Scroll            |       |       |     1 |       ||     1
 Stab: Sleeping          |     3 |    10 |     9 |     5 ||    27
       Distracted        |     1 |       |       |       ||     1
  Eat: Chunk             |     1 |    10 |    11 |     4 ||    26
       Ration            |       |       |     2 |     1 ||     3
Armor: Skin              |    10 |     8 |    23 |     3 ||    44
Dodge: Dodged            |    66 |    86 |   151 |    26 ||   329
       Rpst.: Falchion   |       |       |       |     4 ||     4
